 Dungeon Crawl Stone Soup version 0.27-a0-828-g8289197e94 (webtiles) character file.

Game seed: 14030556210141299675

78 polve the Changer (level 4, -1/35 HPs)
             Began as a Draconian Transmuter on Mar 30, 2021.
             Slain by Natasha (4 damage)
             ... on level 2 of the Dungeon.
             The game lasted 00:00:55 (1727 turns).

polve the Changer (Draconian Transmuter)            Turns: 1727, Time: 00:00:56

Health: -1/35      AC:  5    Str: 12    XL:     4   Next: 15%
Magic:  7/7        EV: 12    Int: 14    God:
Gold:   16         SH:  0    Dex: 12    Spells: 6/7 levels left

rFire    . . .     SeeInvis .     - Unarmed
rCold    . . .     Faith    .   (no shield)
rNeg     . . .     Spirit   .   (armour unavailable)
rPois    .         Reflect  .   (helmet currently unavailable)
rElec    .         Harm     .   (no cloak)
rCorr    .         Rampage  .   (no gloves)
Will     .....                  (boots currently unavailable)
Stlth    +.........             (no amulet)
HPRegen  0.11/turn              (no ring)
MPRegen  0.10/turn              (no ring)

@: appendages, slowed, very slow
A: horns 2, talons 2, AC +5, unfitting armour, cold-blooded
a: End Transformation


You were on level 2 of the Dungeon.
You had temporarily grown beastly horns and talons.
You visited 1 branch of the dungeon, and saw 2 of its levels.

You collected 16 gold pieces.

Inventory:

Jewellery
 b - a +6 ring of intelligence
Potions
 a - a potion of curing {unknown}


   Skills:
 - Level 1.1 Fighting
 - Level 1.7 Dodging
 - Level 3.0 Unarmed Combat
 - Level 2.0 Spellcasting
 + Level 4.5 Transmutations


You had 6 spell levels left.
You knew the following spells:

 Your Spells              Type           Power      Damage    Failure   Level
a - Beastly Appendage     Tmut           28%        N/A       3%          1

Your spell library contained the following spells:

 Spells                   Type           Power      Damage    Failure   Level
 Wereblood                Tmut           14%        N/A       5%          2
 Spider Form              Tmut/Pois      3%         N/A       28%         3
 Ice Form                 Ice/Tmut       7%         N/A       67%         4
 Hydra Form               Tmut           7%         N/A       71%         5


Dungeon Overview and Level Annotations

Branches:
Dungeon (2/15)

Altars:

Shops:
D:1 [

Annotations:
D:2 Natasha


Innate Abilities, Weirdness & Mutations

You have temporarily grown beastly horns and talons.
Your plain brown scales are hard. (AC +5)
You cannot fit into any form of body armour.
You are cold-blooded and may be slowed by cold attacks.


Message History

You grow a pair of large bovine horns.
Your feet morph into talons.
The hobgoblin barely misses you.
You hit the hobgoblin.
You kill the hobgoblin!
You barely miss the ball python. You headbutt the ball python.
You kill the ball python!
Natasha misses you.
Natasha growls.
Natasha closely misses you.
You closely miss Natasha. Natasha closely misses you.
You miss Natasha. Your kick misses Natasha. You headbutt Natasha.
Natasha is moderately wounded.
Natasha casts a spell.
You closely miss Natasha. Your kick misses Natasha.
Natasha is moderately wounded.
Natasha stares at you and mumbles some strange words.
The magic dart hits you!
You closely miss Natasha. You headbutt Natasha.
You punch Natasha, but do no damage.
Natasha is severely wounded.
Natasha casts a spell at you.
You feel yourself slow down. The shadow imp hits you.
You hit Natasha but do no damage.
Natasha is severely wounded.
Natasha closely misses you. The shadow imp gestures at you.
Pain shoots through your body!
* * * LOW HITPOINT WARNING * * *
Natasha stares at you and mumbles some strange words.
You resist with some effort.
You hit Natasha but do no damage.
Your tail-slap misses Natasha.
Natasha is severely wounded.
The shadow imp barely misses you. Natasha claws you.
* * * LOW HITPOINT WARNING * * *
You miss Natasha.
Natasha is severely wounded.
The shadow imp hits you.
* * * LOW HITPOINT WARNING * * *
Natasha claws you.
You die...

##### #.#####..#...
#...###.#####....##
#.............#####
#...###.####....... ##.##
#.####.######
####.####....#.######
#.......#.#<.........
...#..5h...#.#..#.......
.......@...#............
...........###..#รท......
.......#######..##......
>..#....^8^..#..........
.<.#...#####...###......
.. #### ###.# ####### #.#
#.# #.#


You could see Natasha and a shadow imp (summoned).

Vanquished Creatures
  Natasha (twice) (D:2)
  6 ball pythons
  2 endoplasms
  2 giant cockroaches (D:1)
  3 goblins (D:1)
  3 hobgoblins
  4 jackals (D:1)
  2 quokkas (D:1)
  A rat (D:1)
25 creatures vanquished.

Notes
Turn   | Place    | Note
-------+----------+-------------------------------------------
     0 | D:1      | polve the Draconian Transmuter began the quest for the Orb.
     0 | D:1      | Reached XP level 1. HP: 16/16 MP: 3/3
   389 | D:1      | Found Zyuwamil's Antique Armour Shoppe.
   492 | D:1      | Reached XP level 2. HP: 13/23 MP: 3/5
   686 | D:1      | Reached skill level 3 in Transmutations
  1438 | D:2      | Noticed Natasha
  1447 | D:2      | Killed Natasha
  1448 | D:2      | Reached skill level 4 in Transmutations
  1448 | D:2      | Reached XP level 3. HP: 22/28 MP: 4/6
  1496 | D:2      | Noticed Natasha
  1502 | D:2      | Killed Natasha
  1503 | D:2      | Reached XP level 4. HP: 23/35 MP: 5/7
  1712 | D:2      | Noticed Natasha
  1727 | D:2      | Slain by Natasha

Illustrated notes

Levels and vault maps discovered:
D:1:      dpeg_arrival_arbitrary_b, layout_basic, serial_shops,
          nicolae_shop_crystal, chequers_decorated_corner
D:2:      layout_loops_cross, ebering_dispersal_statue_hall,
          nrook_loot_triangle, uniq_jessica, uniq_sigmund, uniq_natasha

Skill      XL: |  1  2 |
---------------+-------+-----
Transmutations | 4 |  4.5
Fighting       | |  1.1
Dodging        | |  1.7
Unarmed Combat | |  3.0
Spellcasting   | |  2.0

Action                   |  1- 3 |  4- 6 || total
-------------------------+-------+-------++-------
Melee: Unarmed           |    75 |    12 ||    87
       Kick              |    13 |       ||    13
       Headbutt          |     9 |     3 ||    12
       Tailslap          |     6 |       ||     6
       Punch             |       |     1 ||     1
 Cast: Beastly Appendage |    15 |     2 ||    17
Armor: Skin              |    14 |     2 ||    16
Dodge: Dodged            |    53 |     9 ||    62

Table legend: (Time is in decaauts)
 A = Elapsed time spent in this place.
 B = Non-inter-level travel time spent in this place.
 C = Inter-level travel time spent in this place.
 D = Time resting spent in this place.
 E = Time spent auto-exploring this place.
 F = Levels seen in this place.
 G = Mean time per level.
                   A        B        C        D        E       F      G
               +--------+--------+--------+--------+--------+-----+--------+
         Total |   1736 |   1709 |     27 |      0 |   1521 |   2 |  868.0 |
       Dungeon |   1736 |   1709 |     27 |      0 |   1521 |   2 |  868.0 |
               +--------+--------+--------+--------+--------+-----+--------+

Top non-repeatable levels by time:
     D:1: 1433 daAuts
     D:2: 302 daAuts
